[Event "Late-Titled-Tuesday-Blitz-March-05-2024"]
[Site "Chess.com"]
[Date "2024.03.05"]
[Round "3"]
[White "trriinu"]
[Black "venturov"]
[Result "1-0"]
[WhiteElo "2245"]
[BlackElo "2456"]
[TimeControl "180+1"]
[EndTime "14:27:14 PST"]
[Termination "trriinu won by checkmate"]

1. e4 Nf6 2. e5 Nd5 3. d4 d6 4. c4 Nb6 5. exd6 cxd6 6. Nc3 g6 7. h3 Bg7 8. Nf3 Bf5 9. g4 Bd7 10. Be3 O-O 11. Qd2 e6 12. a4 Bc6 13. Qd1 Bxf3 14.
Qxf3 d5 15. c5 Nc8 16. Bd3 Nc6 17. Rd1 Nxd4 18. Qg3 Nc6 19. Bb5 N8e7 20. O-O a6 21. Be2 Qc7 22. Qxc7 Be5 23. Qb6 f6 24. f4 Bb8 25. Qxb7 Ba7 26. Qb3 Kf7 27. f5 gxf5 28. gxf5 Nxf5 29. Rxf5 exf5 30. Qxd5+ Kg6 31. Bh5+ Kg7 32.
Qxc6 Kh8 33. Bd4 Rac8 34. Bxf6+ Kg8 35. Qe6+ Rf7 36. Qxf7# 1-0

[Event "Late-Titled-Tuesday-Blitz-March-05-2024"]
[Site "Chess.com"]
[Date "2024.03.05"]
[Round "3"]
[White "db-banana"]
[Black "wadsy27"]
[Result "0-1"]
[WhiteElo "2460"]
[BlackElo "2634"]
[TimeControl "180+1"]
[EndTime "14:27:15 PST"]
[Termination "wadsy27 won by resignation"]

1. e4 e6 2. d4 d5 3. exd5 exd5 4. Bd3 c5 5. dxc5 Bxc5 6. Nf3 Nf6 7. O-O O-O 8. Nbd2 Bg4 9. h3 Bh5 10. Re1 Qb6 11. Rf1 Nc6 12. Be2 Rfe8 13. Nb3 Bxf2+ 14. Rxf2 Ne4 15. Nfd4 Nxf2 16. Qd2 Nxd4 17. Nxd4 Nxh3+ 18. Kh2 Bxe2 19. Kxh3 Re4 20. c3 Bg4+ 21. Kh2 Qd6+ 22.
g3 Rae8 23. b3 Re2+ 24. Nxe2 Rxe2+ 25. Qxe2 Bxe2 26. Bf4 Qc5 27. Kg2 Qxc3 28. Re1 Qf3+ 29. Kg1 g5 0-1

[Event "Late-Titled-Tuesday-Blitz-March-05-2024"]
[Site "Chess.com"]
[Date "2024.03.05"]
[Round "3"]
[White "Polish_fighter3000"]
[Black "Kiborg95"]
[Result "1-0"]
[WhiteElo "3108"]
[BlackElo "2786"]
[TimeControl "180+1"]
[EndTime "14:27:16 PST"]
[Termination "Polish_fighter3000 won by resignation"]

1. e4 d6 2. d4 Nf6 3. Nc3 e5 4. dxe5 dxe5 5. Qxd8+ Kxd8 6. Bc4 Ke8 7.
Nf3 Bd6 8. Be3 a6 9. O-O-O h6 10. h3 b5 11. Bd5 Nxd5 12. Nxd5 Nd7 13. c4 Bb7 14. c5 Bxd5 15. Rxd5 Be7 16. c6 Nf6 17. Rxe5 Kf8 18. Nd2 Rd8 19. a4 bxa4 20. Ra5 Bb4 21. Rxa4 a5 22. Nc4 Nxe4 23. Nxa5 Bxa5 24. Rxe4 f6 25.
b4 Bb6 26. Bxb6 cxb6 27. Rd1 1-0

[Event "Late-Titled-Tuesday-Blitz-March-05-2024"]
[Site "Chess.com"]
[Date "2024.03.05"]
[Round "3"]
[White "Slovineanu"]
[Black "xhembulla"]
[Result "1-0"]
[WhiteElo "2493"]
[BlackElo "2636"]
[TimeControl "180+1"]
[EndTime "14:27:17 PST"]
[Termination "Slovineanu won by checkmate"]

1. d4 Nf6 2. Nf3 e6 3. c4 b6 4. e3 c5 5. Bd3 cxd4 6. exd4 Bb7 7. O-O Be7 8. Nc3 O-O 9. d5 exd5 10. cxd5 Nxd5 11.
Nxd5 Bc5 12. Nc3 h6 13. Be3 d5 14. Bxc5 bxc5 15. Re1 Nd7 16. b3 Qf6 17. Rc1 Rad8 18.
Na4 Qd6 19. Qc2 d4 20. Be4 Bxe4 21. Qxe4 Nb6 22. Nxc5 g6 23. Nd3 Rfe8 24. Qc6 Rxe1+ 25. Nfxe1 Qa3 26. Qf6 Rd6 27. Qe7 Nd5 28. Qe8+ Kg7 29. Rc8 g5 30. Ne5 Kf6 31. N1d3 Kf5 32. Qxf7+ Rf6 33.
Qh7+ Ke6 34. Qd7# 1-0

[Event "Late-Titled-Tuesday-Blitz-March-05-2024"]
[Site "Chess.com"]
[Date "2024.03.05"]
[Round "3"]
[White "Actuary44"]
[Black "e4evr"]
[Result "1-0"]
[WhiteElo "2537"]
[BlackElo "2256"]
[TimeControl "180+1"]
[EndTime "14:27:20 PST"]
[Termination "Actuary44 won by resignation"]

1. e4 c5 2. d4 cxd4 3. c3 d5 4.
exd5 Qxd5 5. cxd4 Nc6 6. Nf3 Bg4 7. Be2 Nf6 8. Nc3 Qd7 9. d5 Bxf3 10. Bxf3 Ne5 11. Be2 a6 12. O-O g6 13. Bf4 Neg4 14.
Qd2 h5 15. h3 Nh6 16. d6 Bg7 17. dxe7 Qxd2 18. Bxd2 Kxe7 19. Bf3 Rad8 20. Bg5 Rhe8 21.
Nd5+ Rxd5 22. Bxd5 Kd6 23. Rfd1 Kc7 24. Rac1+ Kb8 25.
Bf4+ Ka8 26. Rc7 Nxd5 27. Rxd5 Re4 28. Rd8+ Ka7 29. Be3+ Rxe3 30. fxe3 Bxb2 31. Rdd7 Bf6 32. Rxb7+ Ka8 33. Ra7+ Kb8 34. Rxa6 Bg5 35. e4 Kc8 36. Rda7 Be3+ 37. Kf1 Bxa7 38. Rxa7 f5 39. Rh7 Ng8 40. Rh8 fxe4 41. Rxg8+ 1-0

[Event "Late-Titled-Tuesday-Blitz-March-05-2024"]
[Site "Chess.com"]
[Date "2024.03.05"]
[Round "3"]
[White "SEBAZZANO"]
[Black "stregachess"]
[Result "1-0"]
[WhiteElo "2318"]
[BlackElo "2013"]
[TimeControl "180+1"]
[EndTime "14:27:20 PST"]
[Termination "SEBAZZANO won by resignation"]

1. d4 Nf6 2. Bf4 d5 3. e3 e6 4. c3 Bd6 5. Bg3 c6 6. Nd2 Qc7 7. Ngf3 Nbd7 8. Bd3 e5 9. dxe5 Nxe5 10. Nxe5 Bxe5 11. Nf3 Bd6 12. O-O O-O 13. Qc2 Bg4 14. Nd4 Rfe8 15. Rae1 Rad8 16. a3 a6 17. Kh1 Ne4 18.
Bxd6 Qxd6 19. f3 Nf6 20. fxg4 Nxg4 21. Nf3 Nxe3 22. Qe2 g6 23. Rg1 Kg7 24. Qf2 Ng4 25. Qd4+ 1-0

[Event "Late-Titled-Tuesday-Blitz-March-05-2024"]
[Site "Chess.com"]
[Date "2024.03.05"]
[Round "3"]
[White "Oleksandr_Bortnyk"]
[Black "manitodeplomo"]
[Result "1-0"]
[WhiteElo "3011"]
[BlackElo "2717"]
[TimeControl "180+1"]
[EndTime "14:27:21 PST"]
[Termination "Oleksandr_Bortnyk won on time"]

1. e4 e6 2. Nf3 d5 3. e5 c5 4. d4 cxd4 5. Bd3 Nc6 6. O-O Bc5 7.
Re1 Nge7 8. Nbd2 a6 9. Nb3 Ba7 10.
Bf4 Ng6 11. Bg3 Bd7 12. h4 f6 13. Bxg6+ hxg6 14. Nbxd4 Nxd4 15. Nxd4 Kf7 16. c3 Rh5 17. Qg4 f5 18. Qd1 Rxh4 19. Bxh4 Qxh4 20. g3 Qh3 21. Qf3 Rh8 22. Qg2 Qg4 23. Rad1 Rh3 24. Rd3 Qh5 25. Nf3 Ke7 26. Nh4 Rxh4 27. gxh4 f4 28. Qg5+ Qxg5+ 29.
hxg5 1-0

[Event "Late-Titled-Tuesday-Blitz-March-05-2024"]
[Site "Chess.com"]
[Date "2024.03.05"]
[Round "3"]
[White "shirovin"]
[Black "Zampronha1971"]
[Result "0-1"]
[WhiteElo "2049"]
[BlackElo "2350"]
[TimeControl "180+1"]
[EndTime "14:27:21 PST"]
[Termination "Zampronha1971 won by resignation"]

1. e4 c5 2. Nf3 e6 3. d4 cxd4 4. Nxd4 Nc6 5. Nc3 Qc7 6. Be3 a6 7. Qf3 Nf6 8. Qg3 Qxg3 9. hxg3 Bb4 10. O-O-O Bxc3 11. bxc3 Nxe4 12. Nxc6 bxc6 13. Bd3 Nxc3 14. Rd2 Nd5 15. Bd4 Nf6 16. Bxf6 gxf6 17. Rxh7 Rxh7 18.
Bxh7 f5 19. f3 Kf8 20. Rd1 Kg7 21. Rh1 Bb7 22. g4 Rh8 23. gxf5 Rxh7 24. f6+ Kg6 25. Re1 Kxf6 26. Re2 Ke7 27. Kd2 f5 28. c4 c5 29.
Kc3 Rh2 30. Rb2 Bxf3 31. gxf3 Rxb2 32. Kxb2 d5 33. cxd5 exd5 34. Kc3 f4 35. Kb3 Kf6 36. Ka4 d4 37. Kb3 Kg5 38. Kc4 Kh4 39. Kd3 Kg3 40.
Ke4 a5 41. a3 a4 42. Kd5 d3 43.
Kxc5 d2 44. Kb4 d1=Q 45. Ka5 Qxf3 46. Kxa4 Qxa3+ 47. Kxa3 f3 48. Kb4 f2 49. Kc5 f1=Q 50. Kd6 Qe2 51. Kc6 Kf4 52. Kd5 Qe5+ 53. Kc6 Qd4 54. Kb5 Qc3 55. Kb6 Ke5 56. Kb5 Kd5 57. Kb6 Qc6+ 58. Ka5 Qb7 59. Ka4 Kc4 0-1

[Event "Late-Titled-Tuesday-Blitz-March-05-2024"]
[Site "Chess.com"]
[Date "2024.03.05"]
[Round "3"]
[White "giovannibrandao7"]
[Black "guillembaches"]
[Result "0-1"]
[WhiteElo "2227"]
[BlackElo "2535"]
[TimeControl "180+1"]
[EndTime "14:27:22 PST"]
[Termination "guillembaches won by checkmate"]

1. e4 c5 2. Nf3 d6 3. d4 cxd4 4. Nxd4 Nf6 5. Nc3 Nc6 6. Be3 Ng4 7. Bc1 Qb6 8. Bb5 Bd7 9. Bxc6 bxc6 10. O-O e5 11.
Nde2 Be7 12. h3 Nf6 13. Rb1 O-O 14. Be3 Qc7 15. f4 Be6 16. fxe5 dxe5 17. Ng3 Nd7 18. Qf3 Bc5 19. Bxc5 Nxc5 20. Nf5 Bxf5 21. Qxf5 Ne6 22. Qf2 Rad8 23. b3 Rd6 24. Rbd1 Nd4 25. Na4 Rf6 26. Qd2 Rg6 27. c3 Ne6 28. Kh1 Nf4 29. Rf2 Qe7 30. Qe3 Qh4 31. Nc5 Rg3 32. Qe1 Nxh3 33.
gxh3 Rxh3+ 34. Kg1 Rh1+ 35. Kg2 Qh3# 0-1

[Event "Late-Titled-Tuesday-Blitz-March-05-2024"]
[Site "Chess.com"]
[Date "2024.03.05"]
[Round "3"]
[White "ArtemDyachuk"]
[Black "Fandorine"]
[Result "0-1"]
[WhiteElo "2683"]
[BlackElo "2923"]
[TimeControl "180+1"]
[EndTime "14:27:23 PST"]
[Termination "Fandorine won on time"]

1. e4 e5 2. Nf3 Nc6 3. Bb5 a6 4. Ba4 Nf6 5. O-O Be7 6. Re1 b5 7. Bb3 O-O 8. c3 d5 9. h3 Nxe4 10. d3 Nc5 11. Nxe5 Nxe5 12. Rxe5 Nxb3 13. axb3 d4 14. Qf3 Rb8 15. Bf4 Rb6 16. Nd2 Bb7 17. Qe2 Bd6 18. Rf5 Qd7 19. Bxd6 Rxd6 20. Rg5 dxc3 21.
bxc3 Rxd3 22. Nf1 h6 23. Rc5 Re8 24. Qg4 Qd6 25. b4 Re6 26. Ng3 Rg6 27. Qh4 Rgxg3 28.
fxg3 Rd2 0-1

[Event "Late-Titled-Tuesday-Blitz-March-05-2024"]
[Site "Chess.com"]
[Date "2024.03.05"]
[Round "3"]
[White "cthulhuuu"]
[Black "karinachess1"]
[Result "0-1"]
[WhiteElo "2436"]
[BlackElo "2598"]
[TimeControl "180+1"]
[EndTime "14:27:23 PST"]
[Termination "karinachess1 won on time"]

1. e4 e5 2. Nf3 Nc6 3. Bb5 Nge7 4.
O-O Ng6 5. c3 d5 6. d4 a6 7.
Bxc6+ bxc6 8. exd5 e4 9. Ne5 Nxe5 10. dxe5 cxd5 11. c4 d4 12. Nd2 Bb7 13. Re1 e3 14. fxe3 dxe3 15. Qa4+ Qd7 16. Qxd7+ Kxd7 17. Nb3 Re8 18.
Rxe3 a5 19. a4 Bb4 20. Bd2 Bxd2 21. Nxd2 Kc6 22. Nb3 Kb6 23. Rd1 Re7 24. Kf2 Rhe8 25. Kg3 Rxe5 26. Rxe5 Rxe5 27. c5+ Ka6 28. Rd3 Re2 29.
Nd4 Rxg2+ 30. Kh3 Rg6 31. Nb5 Bg2+ 0-1

[Event "Late-Titled-Tuesday-Blitz-March-05-2024"]
[Site "Chess.com"]
[Date "2024.03.05"]
[Round "3"]
[White "Irishchessman16"]
[Black "bancsoo"]
[Result "1-0"]
[WhiteElo "2536"]
[BlackElo "2878"]
[TimeControl "180+1"]
[EndTime "14:27:25 PST"]
[Termination "Irishchessman16 won by resignation"]

1. e4 e5 2. Nf3 Nc6 3. Nc3 Nf6 4. d4 exd4 5. Nxd4 Bc5 6. Nb3 Bb6 7. Be2 O-O 8. O-O h6 9. a4 a5 10. Bc4 d6 11.
Nd2 Re8 12. h3 Ne5 13. Bb3 Ng6 14. Nc4 Bc5 15. Be3 Bxe3 16. Nxe3 Nxe4 17. Nxe4 Rxe4 18. Qd3 Qe7 19. Bd5 Rxe3 20. fxe3 Ne5 21. Qe4 Qg5 22. Bxb7 Rb8 23. Bxc8 Rxc8 24. Qf4 Qe7 25. Rad1 Rb8 26. b3 Rb4 27. Rd4 Rb8 28. Rd5 Nc6 29. Rf5 f6 30.
Qc4+ 1-0

[Event "Late-Titled-Tuesday-Blitz-March-05-2024"]
[Site "Chess.com"]
[Date "2024.03.05"]
[Round "3"]
[White "AlexeiShirov"]
[Black "fandebobbyfischer"]
[Result "1-0"]
[WhiteElo "2871"]
[BlackElo "2664"]
[TimeControl "180+1"]
[EndTime "14:27:27 PST"]
[Termination "AlexeiShirov won on time"]

1. e4 d5 2. exd5 Qxd5 3. Nc3 Qe5+ 4.
Be2 Bg4 5. d4 Bxe2 6. Ngxe2 Qa5 7. O-O Nf6 8. b4 Qxb4 9. Rb1 Qc4 10. Rxb7 e6 11. Bf4 Bd6 12. Bxd6 cxd6 13. Nb5 O-O 14. Nc7 Qc6 15. Qb1 Na6 16. Nxa8 Rxa8 17.
Qb5 Qxb5 18. Rxb5 h6 19. Ra5 Nc7 20. Rb1 Ncd5 21. c4 Ne7 22. Ra6 Nf5 23. h3 Rc8 24. Rb4 Rc7 25. g4 Nh4 26. Rxd6 Ne4 27. Rd8+ Kh7 28.
Nf4 Nd2 29. c5 Ndf3+ 30. Kf1 e5 31. Nd5 Rc6 32. Rbb8 exd4 33. Rh8+ 1-0

[Event "Late-Titled-Tuesday-Blitz-March-05-2024"]
[Site "Chess.com"]
[Date "2024.03.05"]
[Round "3"]
[White "Szparu"]
[Black "NCchamp"]
[Result "1-0"]
[WhiteElo "2797"]
[BlackElo "2340"]
[TimeControl "180+1"]
[EndTime "14:27:29 PST"]
[Termination "Szparu won on time"]

1. e4 e5 2. f4 d5 3. exd5 exf4 4. Nf3 Nf6 5. c4 c6 6. d4 cxd5 7. Nc3 Bd6 8. Be2 O-O 9. O-O Bg4 10. h3 Bh5 11. c5 Bc7 12. Ne5 Bxe2 13. Nxe2 Bxe5 14. dxe5 Ne4 15. Nxf4 Nxc5 16. Nxd5 Nc6 17. Bf4 Ne6 18. Bg3 Qg5 19. Qe1 Qh5 20. Qe4 Ned4 21. Rf2 Rae8 22. Raf1 f5 23. Qd3 Ne6 24. Rxf5 Rxf5 25.
Rxf5 Qg6 26. Rf3 Ng5 27. Re3 Qxd3 28. Rxd3 Ne6 29. Rb3 b6 30. Rc3 Ncd4 31. Kf1 Nf5 32. Bf2 Rf8 33. Ke1 Nfd4 34. Rc4 1-0

[Event "Late-Titled-Tuesday-Blitz-March-05-2024"]
[Site "Chess.com"]
[Date "2024.03.05"]
[Round "3"]
[White "BabageldiAnnaberdiyev"]
[Black "prochn"]
[Result "1/2-1/2"]
[WhiteElo "2625"]
[BlackElo "2481"]
[TimeControl "180+1"]
[EndTime "14:27:29 PST"]
[Termination "Game drawn by repetition"]

1. e4 c6 2. d4 d5 3. Nd2 dxe4 4. Nxe4 Nf6 5. Nxf6+ exf6 6. Bc4 Bd6 7. Qe2+ Qe7 8. Qxe7+ Bxe7 9. Ne2 Be6 10. Bd3 Nd7 11. Bf4 h5 12. O-O-O O-O-O 13. c4 f5 14. h4 Nf6 15. f3 Rd7 16. Kc2 Rhd8 17. Kc3 a6 18. Bc2 b5 19. b3 a5 20. Be5 Kb7 21. Nf4 g6 22. a4 bxc4 23. bxc4 Ne8 24. Nxe6 fxe6 25.
c5 Bf6 26. Bb3 Bxe5 27. dxe5 Rxd1 28. Bxd1 Nc7 29. Bb3 Nd5+ 30. Kb2 Kc7 31. Rd1 Rb8 32. Ka3 Rb4 33. g3 Kb7 34. Rd3 Kc7 35. Rd1 Kb7 36.
Rd3 Kc7 37. Rd1 1/2-1/2

[Event "Late-Titled-Tuesday-Blitz-March-05-2024"]
[Site "Chess.com"]
[Date "2024.03.05"]
[Round "3"]
[White "aceontheturn"]
[Black "MagnusCarlsen"]
[Result "0-1"]
[WhiteElo "2789"]
[BlackElo "3257"]
[TimeControl "180+1"]
[EndTime "14:27:31 PST"]
[Termination "MagnusCarlsen won on time"]

1. e4 c6 2. d4 g6 3. c4 Bg7 4. Nc3 d6 5. h3 Nf6 6. Be3 O-O 7. Nf3 e5 8. d5 Na6 9. Be2 Nc5 10. Nd2 a5 11. O-O Nfd7 12. Nb3 Nxb3 13. axb3 c5 14.
Nb5 Ra6 15. Qd2 Nf6 16. Nc3 Qe7 17. Rae1 Nd7 18. Kh1 Ra8 19. f4 exf4 20. Bxf4 Ne5 21. Bh6 Bd7 22. Bxg7 Kxg7 23. Rf2 a4 24. bxa4 Bxa4 25.
Qc1 h6 26. Nb1 Qg5 27. Qxg5 hxg5 28. Nd2 Bd7 29. Nf3 Nxf3 30. Bxf3 Rfe8 31. Rfe2 Re5 32.
Kg1 Ra4 33. b3 Rb4 34. Re3 b5 35. Be2 f5 36. Bd3 Kf6 37. exf5 Rxe3 38. Rxe3 Rxb3 39.
fxg6 Bf5 40. Rf3 Rxd3 0-1

[Event "Late-Titled-Tuesday-Blitz-March-05-2024"]
[Site "Chess.com"]
[Date "2024.03.05"]
[Round "3"]
[White "emeli_chess"]
[Black "Statham_01"]
[Result "0-1"]
[WhiteElo "2422"]
[BlackElo "2582"]
[TimeControl "180+1"]
[EndTime "14:27:31 PST"]
[Termination "Statham_01 won on time"]

1. d4 Nf6 2. c4 e6 3. Nc3 Bb4 4. Qc2 c5 5. dxc5 O-O 6. a3 Bxc5 7. Nf3 Nc6 8. e3 b6 9. g4 Nxg4 10. Rg1 f5 11. h3 Nge5 12. Be2 Bb7 13. b4 Be7 14.
Bb2 Bf6 15. O-O-O Nxf3 16. Bxf3 Nxb4 17. axb4 Bxf3 18. Rd2 a5 19. b5 Qc7 20. Rg3 Bh5 21.
Qd3 Rac8 22. Qxd7 Qxc4 23. Kb1 Rfd8 24. Nd5 Qe4+ 25. Ka1 Rc1+ 0-1

[Event "Late-Titled-Tuesday-Blitz-March-05-2024"]
[Site "Chess.com"]
[Date "2024.03.05"]
[Round "3"]
[White "ural58"]
[Black "BogdanDeac"]
[Result "0-1"]
[WhiteElo "2527"]
[BlackElo "2966"]
[TimeControl "180+1"]
[EndTime "14:27:32 PST"]
[Termination "BogdanDeac won by resignation"]

1. e4 c6 2. Nc3 d5 3. Nf3 dxe4 4. Nxe4 Nf6 5. Qe2 Na6 6. c3 Qd5 7. d3 Bf5 8. Ng3 Bg4 9. h3 Bxf3 10. Qxf3 Qxf3 11. gxf3 e6 12. f4 g6 13. h4 h5 14.
Ne4 Nd5 15. a3 Nc5 16. Nxc5 Bxc5 17. c4 Ne7 18. Be3 Bb6 19. Bh3 O-O-O 20. O-O-O Bd4 21.
Kc2 Kc7 22. Rhe1 Rd7 23. Bxd4 Rxd4 24. Re4 Rhd8 25. f3 a5 26. Kc3 c5 27. b4 axb4+ 28.
axb4 b6 29. bxc5 bxc5 30. Kc2 Nc6 31. Bf1 Ra8 32. Rb1 Rd6 33. Kd2 f5 34. Ree1 Ra2+ 35.
Ke3 Nd4 36. Red1 Nc2+ 37. Kf2 Na3+ 38. Kg3 Nxb1 39. Rxb1 Rb6 40. Re1 Kd6 41. Re3 Rb1 42. Be2 Rbb2 43. Bf1 Rf2 44. Bh3 Rfe2 0-1

[Event "Late-Titled-Tuesday-Blitz-March-05-2024"]
[Site "Chess.com"]
[Date "2024.03.05"]
[Round "3"]
[White "TokChess"]
[Black "BillCoe"]
[Result "1-0"]
[WhiteElo "2533"]
[BlackElo "2135"]
[TimeControl "180+1"]
[EndTime "14:27:32 PST"]
[Termination "TokChess won by resignation"]

1. c4 g6 2. Nf3 Bg7 3. e3 d6 4. Nc3 Nf6 5. d4 O-O 6. b3 Re8 7. Bb2 Nbd7 8. Be2 e5 9. O-O exd4 10. Nxd4 Ne5 11. Qc2 Bd7 12. Rad1 Nc6 13. Bf3 Nxd4 14. Rxd4 Bc6 15. Bxc6 bxc6 16. Rfd1 Qe7 17. Qe2 Nd7 18. R4d2 Nc5 19. Qf3 Ne4 20. Nxe4 Qxe4 21. Bxg7 Qxf3 22. gxf3 Kxg7 23. c5 d5 24. Rd4 Rab8 25. Ra4 Rb7 26. Ra6 Re6 27. Rd4 g5 28. Rda4 Rb5 29. b4 d4 30.
exd4 Re1+ 31. Kg2 Rd1 32. Rxa7 Rxd4 33. a3 h5 34. Rxc7 g4 35. Raa7 Rf4 36. fxg4 hxg4 37.
Rab7 Rxb7 38. Rxb7 Rf3 39. a4 Ra3 40. a5 Kf8 41.
Rb6 Ra4 42. a6 Ke7 43. Kg3 Ra2 44. Rxc6 1-0

[Event "Late-Titled-Tuesday-Blitz-March-05-2024"]
[Site "Chess.com"]
[Date "2024.03.05"]
[Round "3"]
[White "kids2010"]
[Black "WilsonPalencia21"]
[Result "1-0"]
[WhiteElo "2806"]
[BlackElo "2577"]
[TimeControl "180+1"]
[EndTime "14:27:37 PST"]
[Termination "kids2010 won on time"]

1. e4 c5 2. Nc3 Nc6 3. Bb5 Nd4 4.
Bc4 g6 5. Nf3 Bg7 6. Nxd4 cxd4 7. Qf3 Nh6 8. Ne2 O-O 9. d3 Ng4 10. Bf4 d6 11. O-O Qa5 12. h3 Ne5 13. Bxe5 Bxe5 14.
Bb3 Kg7 15. Rad1 f5 16. c3 dxc3 17. d4 c2 18. Bxc2 fxe4 19. Qe3 Bf6 20. Bxe4 Qb6 21. Nc3 e6 22. Bf3 Qxb2 23. Rb1 Qa3 24. Bxb7 Rb8 25. Rb3 Qa5 26. Bxc8 Rxb3 27. axb3 Rxc8 28. Ne4 Be7 29. Re1 Re8 30. Nd2 Bf6 31. Nc4 Qb4 32. d5 1-0

[Event "Late-Titled-Tuesday-Blitz-March-05-2024"]
[Site "Chess.com"]
[Date "2024.03.05"]
[Round "3"]
[White "StiffMaster1"]
[Black "Grindaveci"]
[Result "1-0"]
[WhiteElo "2600"]
[BlackElo "2436"]
[TimeControl "180+1"]
[EndTime "14:27:37 PST"]
[Termination "StiffMaster1 won by resignation"]

1. Nf3 d5 2. g3 Nf6 3. Bg2 e6 4.
O-O c5 5. c4 d4 6. e3 Nc6 7.
exd4 cxd4 8. d3 Be7 9. Re1 O-O 10. b3 a5 11. Ba3 a4 12. Bxe7 Qxe7 13. Ne5 Nxe5 14.
Rxe5 Nd7 15. Rb5 axb3 16. Qxb3 Ra7 17. a4 Nc5 18. Qb4 b6 19. Rxb6 Nxd3 20. Qxe7 Rxe7 21. a5 Ra7 22. Nd2 Rd8 23. Nb3 Ba6 24. c5 Bc4 25. c6 Bxb3 26. Rxb3 Nc5 27. Rb5 Na6 28. Rb7 Rxb7 29. cxb7 d3 30. Bf1 e5 31. Rc1 d2 32. Rd1 Nc5 33. a6 Kf8 34. Rxd2 Rb8 35. Rc2 Nd7 36. a7 1-0

[Event "Late-Titled-Tuesday-Blitz-March-05-2024"]
[Site "Chess.com"]
[Date "2024.03.05"]
[Round "3"]
[White "Binary010"]
[Black "esteban062000"]
[Result "1-0"]
[WhiteElo "2819"]
[BlackElo "2156"]
[TimeControl "180+1"]
[EndTime "14:27:37 PST"]
[Termination "Binary010 won by checkmate"]

1. d4 Nf6 2. c4 e6 3. Nf3 Bb4+ 4.
Bd2 Qe7 5. g3 b6 6. Bg2 Bb7 7.
O-O Bxd2 8. Qxd2 O-O 9. Nc3 d6 10. d5 e5 11. e4 a5 12. b3 Na6 13. a3 Nc5 14. Qc2 Rfc8 15. b4 axb4 16. axb4 Ncd7 17.
Qb2 c6 18. dxc6 Bxc6 19. Nd2 Nf8 20. b5 Bb7 21. Nd5 Nxd5 22. cxd5 Nd7 23. Rxa8 Rxa8 24. Ra1 Qd8 25. Nc4 Rxa1+ 26. Qxa1 Qc7 27. Bf1 Nc5 28. f3 f5 29. exf5 Bxd5 30. Qd1 Bxc4 31. Bxc4+ Kf8 32.
Qd5 Nd7 33. Qf7# 1-0

[Event "Late-Titled-Tuesday-Blitz-March-05-2024"]
[Site "Chess.com"]
[Date "2024.03.05"]
[Round "3"]
[White "akanga001"]
[Black "Veleamater"]
[Result "0-1"]
[WhiteElo "2024"]
[BlackElo "2324"]
[TimeControl "180+1"]
[EndTime "14:27:37 PST"]
[Termination "Veleamater won on time"]

1. d4 d6 2. c4 g6 3. Nc3 Bg7 4. e4 Nf6 5. Nge2 O-O 6. Ng3 Nc6 7. d5 Nb8 8. Be2 e5 9. h4 h5 10. Bg5 Nbd7 11. Qd2 a6 12. a4 Qe8 13. O-O Nh7 14. Bh6 f5 15. exf5 gxf5 16. Bxg7 Kxg7 17.
f4 e4 18. Qd4+ Ndf6 19. Nd1 Kh6 20. Ne3 Ng4 21. Bxg4 hxg4 22. Kf2 Qe7 23. Rh1 b6 24. b4 a5 25. b5 Bd7 26. Rh2 Rf6 27. h5 Qf7 28. Rh4 Rh8 29. Nexf5+ Bxf5 30. Nxf5+ Rxf5 31. Qxh8 Rxf4+ 32. Kg1 e3 33. g3 Rf3 34. Rxg4 Rxg3+ 35. Rxg3 Qf2+ 36. Kh1 Qxg3 37. Qb2 Qf3+ 38. Kg1 Ng5 39. Rf1 Qg3+ 40. Qg2 Nh3+ 41. Kh1 e2 42. Rg1 Qxg2+ 43. Rxg2 e1=Q+ 44. Kh2 Qh4 0-1

[Event "Late-Titled-Tuesday-Blitz-March-05-2024"]
[Site "Chess.com"]
[Date "2024.03.05"]
[Round "3"]
[White "ritanovikova"]
[Black "LangesNasenhaar"]
[Result "1/2-1/2"]
[WhiteElo "2217"]
[BlackElo "2526"]
[TimeControl "180+1"]
[EndTime "14:27:39 PST"]
[Termination "Game drawn by repetition"]

1. e4 d6 2. d4 Nf6 3. Nc3 e5 4. dxe5 dxe5 5. Qxd8+ Kxd8 6. h3 Be6 7. Nf3 Bd6 8. Bg5 Nd7 9. O-O-O Ke7 10. Nd5+ Bxd5 11. exd5 h6 12. Bh4 g5 13. Bg3 Ne4 14. Bd3 f5 15.
Bxe4 fxe4 16. Nd2 Nc5 17. b4 Nd7 18. c3 a5 19. b5 Nc5 20. Rhe1 Nd3+ 21. Kc2 Nxe1+ 22.
Rxe1 Rhf8 23. Nxe4 Kd7 24. c4 b6 25. Re2 a4 26. f3 a3 27. Kb3 Rf5 28. Nf2 h5 29. Nd3 Re8 30. Re4 Re7 31. Bh2 Re8 32. Bg3 Re7 33. Bh2 Re8 34. Bg3 1/2-1/2

[Event "Late-Titled-Tuesday-Blitz-March-05-2024"]
[Site "Chess.com"]
[Date "2024.03.05"]
[Round "3"]
[White "sonson28291"]
[Black "ShahMatKanal"]
[Result "0-1"]
[WhiteElo "2267"]
[BlackElo "2511"]
[TimeControl "180+1"]
[EndTime "14:27:39 PST"]
[Termination "ShahMatKanal won by resignation"]

1. e4 c5 2. Nf3 d6 3. d4 cxd4 4. Nxd4 Nf6 5. f3 e5 6. Bb5+ Bd7 7. Bxd7+ Qxd7 8. Ne2 d5 9. exd5 Qxd5 10. Qxd5 Nxd5 11. Nbc3 Bb4 12. Bd2 Nxc3 13. Bxc3 Nc6 14. O-O-O Ke7 15. Rhe1 Rhd8 16. Bxb4+ Nxb4 17. a3 Nc6 18. b4 Rxd1+ 19. Rxd1 Rd8 20. Rxd8 Nxd8 21. Kd2 b5 22. Kd3 Kd6 23.
c4 bxc4+ 24. Kxc4 a6 25. a4 Nc6 26. a5 f5 27. b5 Nxa5+ 28. Kb4 axb5 29. Kxa5 Kc5 30.
g3 g5 31. Nc3 b4 32. Na4+ Kc4 33. Kb6 e4 34. g4 exf3 35. Nb2+ Kc3 36. Nd1+ Kd2 37.
Nf2 fxg4 38. Nxg4 b3 39. Ne5 f2 0-1

[Event "Late-Titled-Tuesday-Blitz-March-05-2024"]
[Site "Chess.com"]
[Date "2024.03.05"]
[Round "3"]
[White "LiemLe"]
[Black "CarlosjPineror"]
[Result "1/2-1/2"]
[WhiteElo "3056"]
[BlackElo "2741"]
[TimeControl "180+1"]
[EndTime "14:27:41 PST"]
[Termination "Game drawn by agreement"]

1. d4 Nf6 2. c4 e6 3. Nc3 Bb4 4. Nf3 O-O 5. Bd2 b6 6. e3 Bb7 7. Bd3 Bxc3 8. Bxc3 Ne4 9. Rc1 d6 10. O-O Nd7 11. Be1 f5 12. Nd2 e5 13. f3 Nxd2 14.
Qxd2 Qe7 15. Bc2 c5 16. Bf2 Rad8 17. Rcd1 g6 18. d5 Rde8 19. Qc3 Bc8 20. f4 exf4 21. exf4 Qf6 22. Be1 Qxc3 23. Bxc3 Kf7 24. Rfe1 Nf6 25. h3 Bd7 26. Kf2 a6 27. Kf3 b5 28. b3 b4 29. Bb2 a5 30. a4 Ne4 31. g4 Nf6 32. gxf5 Bxf5 33. Bxf5 gxf5 34. Rxe8 Rxe8 35. Rg1 Rg8 36.
Rxg8 Nxg8 37. Kg3 Nf6 38. Bxf6 Kxf6 39. Kh4 Kg6 40. Kg3 Kh6 41. Kf3 Kg6 42. Kg3 Kh5 43. Kf3 Kh4 44. Kg2 Kh5 45. Kg3 Kg6 46. Kf3 Kh6 47.
Kg3 Kh5 48. Kf3 1/2-1/2

[Event "Late-Titled-Tuesday-Blitz-March-05-2024"]
[Site "Chess.com"]
[Date "2024.03.05"]
[Round "3"]
[White "Arystanner"]
[Black "jlf287"]
[Result "1-0"]
[WhiteElo "2876"]
[BlackElo "2518"]
[TimeControl "180+1"]
[EndTime "14:27:42 PST"]
[Termination "Arystanner won on time"]

1. d4 d5 2. c4 e6 3. Nc3 c5 4. cxd5 exd5 5. Nf3 Nf6 6. Bg5 Be6 7. e3 c4 8. g3 Nbd7 9. Bg2 h6 10. Bf4 Bb4 11. O-O O-O 12. Ne5 Bxc3 13. bxc3 Nxe5 14. Bxe5 Ne4 15. Qc1 f6 16. Bf4 g5 17. f3 Nd6 18.
Bxd6 Qxd6 19. e4 b5 20. Qe3 a5 21. f4 b4 22. e5 Qd7 23. exf6 Rxf6 24. fxg5 Rxf1+ 25. Rxf1 Rf8 26. Re1 Bf7 27. gxh6 Kh7 28. Qe5 Bg6 29. Bxd5 Re8 30. Be6 Qe7 31. cxb4 axb4 32.
Bxc4 Qf8 33. Qc7+ Kxh6 34. Rf1 Qg7 35. Qf4+ Kh7 36. Qh4+ Qh6 37. Qxh6+ Kxh6 38. Rf6 Kg7 39. Rb6 Re4 40. Rxg6+ Kf8 41. Rb6 Rxd4 42. Rxb4 1-0